[Event "41st Nezhmetdinov Rapid 2019"]
[Site "Kazan"]
[Date "2019.05.29"]
[Round "1.9"]
[White "Rozum, Ivan"]
[Black "Dubnikova, Anastasia"]
[Result "1-0"]
[ECO "D20"]
[WhiteElo "2598"]
[BlackElo "1959"]
[Annotator "RC"]
[PlyCount "77"]
[EventDate "2019.05.29"]
[EventType "swiss"]
[EventCountry "RUS"]
[SourceTitle "playchess.com"]
[Source "ChessBase"]
[SourceQuality "1"]
[TimeControl "900+10"]

1. d4 d5 2. c4 dxc4 3. e4 e5 4. Nf3 exd4 5. Qxd4 Qxd4 6. Nxd4 c6 7. Bxc4 Bc5 8. Be3 Nd7 9. f3 Ne5 10. Be2 Nf6 11. Nd2 O-O 12. Kf2 Rd8 13. N2b3 Bb6 14. Rhd1 a5 15. a4 Ng6 16. Rac1 Bc7 17. g3 h6 18. Nc5 Rb8 19. Rd2 Kf8 20. Rcd1 Ke7 21. h4 Ne5 22. g4 b6 23. Na6 Bxa6 24. Bxa6 c5 25. Nf5+ Kf8 26. Ke2 Rxd2+ 27. Rxd2 Ng6 28. h5 Nf4+ 29. Kd1 Ne6 30. Bc4 Be5 31. Kc2 Nf4 32. Kb3 Ne6 33. Bxe6 fxe6 34. Nh4 Ke8 35. Ng6 Bc7 36. Kc4 Nd7 37. Kb5 Rc8 38. Ka6 Kd8 39. Nf8 1-0

[Event "41st Nezhmetdinov Rapid 2019"]
[Site "Kazan"]
[Date "2019.05.29"]
[Round "1.10"]
[White "Maltsev, Vladimir"]
[Black "Vallejo Pons, Francisco"]
[Result "0-1"]
[ECO "A80"]
[WhiteElo "2222"]
[BlackElo "2593"]
[Annotator "RC"]
[PlyCount "50"]
[EventDate "2019.05.29"]
[EventType "swiss"]
[EventCountry "RUS"]
[SourceTitle "playchess.com"]
[Source "ChessBase"]
[SourceQuality "1"]
[TimeControl "900+10"]

1. d4 f5 2. Nc3 Nf6 3. Bg5 d5 4. Bxf6 exf6 5. e3 Be6 6. Bd3 Nc6 7. Nf3 Qd7 8. a3 Ne7 9. Ne2 Nc8 10. Nf4 Bf7 11. h4 g6 12. Nd2 Nd6 13. Qe2 Bh6 14. g3 O-O-O 15. O-O-O Rhe8 16. Kb1 Qc6 17. Rc1 Nc4 18. Ka2 Bf8 19. Nb1 a6 20. b3 Ne5 21. c4 dxc4 22. Bxc4 Nxc4 23. bxc4 Rxd4 24. Nd2 Qa4 25. Rc3 Bb4 0-1

[Event "41st Nezhmetdinov Rapid 2019"]
[Site "Kazan"]
[Date "2019.05.29"]
[Round "3.5"]
[White "Makhmutov, Rail"]
[Black "Sarana, Alexey"]
[Result "0-1"]
[ECO "D71"]
[WhiteElo "2390"]
[BlackElo "2636"]
[Annotator "RC"]
[PlyCount "145"]
[EventDate "2019.05.29"]
[EventType "swiss"]
[EventCountry "RUS"]
[SourceTitle "playchess.com"]
[Source "ChessBase"]
[SourceQuality "1"]
[TimeControl "900+10"]

1. d4 Nf6 2. c4 g6 3. g3 c6 4. Bg2 d5 5. cxd5 cxd5 6. Nf3 Bg7 7. Ne5 O-O 8. Nc3 e6 9. O-O Nfd7 10. Nf3 Nf6 11. Ne5 Nfd7 12. Nf3 Nc6 13. Bf4 Qb6 14. Na4 Qb5 15. b3 Nb6 16. Nxb6 Qxb6 17. e3 Bd7 18. Rc1 Rfc8 19. Qd2 Bf8 20. Ne5 Nxe5 21. Bxe5 Bb4 22. Qb2 Qa5 23. Rxc8+ Rxc8 24. a4 Qd8 25. Rc1 Bc6 26. g4 f6 27. Bg3 Qb6 28. e4 Rd8 29. e5 Be7 30. Qe2 f5 31. gxf5 gxf5 32. Qe3 Rf8 33. Bf4 Kh8 34. Bg5 Qd8 35. Bxe7 Qxe7 36. f4 Qa3 37. Rc3 Rg8 38. Qc1 Qb4 39. Qe3 Bxa4 40. bxa4 Qb2 41. Qf3 Rxg2+ 42. Qxg2 Qa1+ 43. Kf2 Qxc3 44. Qg5 Qxd4+ 45. Ke2 Qc4+ 46. Kf2 Qc2+ 47. Ke1 Qc3+ 48. Ke2 Qc4+ 49. Kf2 Qc5+ 50. Ke2 Qf8 51. h4 b6 52. h5 a6 53. Kd3 b5 54. axb5 axb5 55. Kc3 b4+ 56. Kb3 d4 57. Kc4 Qc8+ 58. Kxb4 d3 59. Qe7 Kg8 60. Kb5 d2 61. h6 Qb8+ 62. Kc6 Qf8 63. Qxe6+ Kh8 64. Qd7 Qxh6+ 65. Kb5 Qxf4 66. Qd8+ Kg7 67. Qf6+ Kg8 68. e6 Qb8+ 69. Ka6 Qc8+ 70. Kb6 Qb8+ 71. Ka6 Qd6+ 72. Kb7 Qf8 73. e7 0-1

[Event "41st Nezhmetdinov Rapid 2019"]
[Site "Kazan"]
[Date "2019.05.29"]
[Round "3.7"]
[White "Korovin, Mikhail"]
[Black "Khanin, Semen"]
[Result "0-1"]
[ECO "B08"]
[WhiteElo "2311"]
[BlackElo "2524"]
[Annotator "RC"]
[PlyCount "114"]
[EventDate "2019.05.29"]
[EventType "swiss"]
[EventCountry "RUS"]
[SourceTitle "playchess.com"]
[Source "ChessBase"]
[SourceQuality "1"]
[TimeControl "900+10"]

1. d4 Nf6 2. Nf3 g6 3. Nc3 Bg7 4. e4 d6 5. h3 O-O 6. Be3 a6 7. a4 Nc6 8. Qd2 Re8 9. Rd1 e5 10. d5 Nd4 11. Be2 Nxe2 12. Qxe2 b5 13. axb5 axb5 14. b4 Bd7 15. O-O Ra3 16. Nb1 Ra4 17. Nc3 Rxb4 18. Nd2 Rb2 19. Rb1 b4 20. Nb5 Rxc2 21. Rxb4 Nxe4 22. Rxe4 f5 23. Rb4 f4 24. Qd1 Ra2 25. Qb1 Ra8 26. Ne4 fxe3 27. fxe3 Rb8 28. Nbc3 Rxb4 29. Qxb4 Rf8 30. Rxf8+ Bxf8 31. Qb7 Bf5 32. g4 Bd7 33. Kg2 Bh6 34. Nb5 Bxb5 35. Qxb5 Bxe3 36. Qc6 Kg7 37. Qb7 h5 38. Kf3 Bb6 39. Qc6 Qf8+ 40. Kg2 hxg4 41. Qd7+ Qf7 42. Qxf7+ Kxf7 43. hxg4 Ke7 44. Kf3 c6 45. dxc6 d5 46. Ng5 Bc7 47. Ke3 Bb6+ 48. Kf3 e4+ 49. Kf4 Bc7+ 50. Ke3 Kd6 51. Nf7+ Kxc6 52. g5 Bb6+ 53. Kf4 Bd4 54. Nd8+ Kd7 55. Nf7 Bb2 56. Kg4 Ke7 57. Nh6 Bg7 0-1

[Event "41st Nezhmetdinov Rapid 2019"]
[Site "Kazan"]
[Date "2019.05.29"]
[Round "3.9"]
[White "Tsydypov, Zhamsaran"]
[Black "Tsoi, Dmitry"]
[Result "1-0"]
[ECO "C41"]
[WhiteElo "2546"]
[BlackElo "2317"]
[Annotator "RC"]
[PlyCount "76"]
[EventDate "2019.05.29"]
[EventType "swiss"]
[EventCountry "RUS"]
[SourceTitle "playchess.com"]
[Source "ChessBase"]
[SourceQuality "1"]
[TimeControl "900+10"]

1. e4 e5 2. Nf3 d6 3. Bc4 Be7 4. d4 exd4 5. Nxd4 Nf6 6. Nc3 O-O 7. O-O Nc6 8. h3 Bd7 9. Re1 Nxd4 10. Qxd4 Bc6 11. a4 Nd7 12. Nd5 Bf6 13. Qd1 Bxd5 14. Bxd5 c6 15. Bc4 Qc7 16. c3 Rfe8 17. a5 b5 18. axb6 axb6 19. Rxa8 Rxa8 20. Bf4 Be5 21. Be3 b5 22. Be2 g6 23. f4 Bg7 24. Bf3 Nb6 25. Bd4 Bxd4+ 26. cxd4 d5 27. e5 Ra2 28. f5 Rxb2 29. f6 Nc4 30. Qa1 Qb8 31. e6 fxe6 32. Rxe6 Rb3 33. Qe1 Kf8 34. Qh4 h5 35. Qg5 Rb1+ 36. Kf2 Qh2 37. Qxg6 Rb2+ 38. Re2 Rxe2+ 1-0

[Event "41st Nezhmetdinov Rapid 2019"]
[Site "Kazan"]
[Date "2019.05.29"]
[Round "4.3"]
[White "Moiseenko, Vadim"]
[Black "Chigaev, Maksim"]
[Result "1/2-1/2"]
[ECO "A05"]
[WhiteElo "2525"]
[BlackElo "2637"]
[Annotator "RC"]
[PlyCount "233"]
[EventDate "2019.05.29"]
[EventType "swiss"]
[EventCountry "RUS"]
[SourceTitle "playchess.com"]
[Source "ChessBase"]
[SourceQuality "1"]
[TimeControl "900+10"]

1. Nf3 Nf6 2. b3 g6 3. Bb2 Bg7 4. e3 O-O 5. c4 d6 6. d4 e5 7. dxe5 dxe5 8. Nc3 Qe7 9. Be2 e4 10. Nd2 Rd8 11. Qc2 Na6 12. a3 Nc5 13. O-O Rxd2 14. Qxd2 Nxb3 15. Qc2 Nxa1 16. Rxa1 c6 17. a4 a5 18. Ba3 Qe5 19. Rd1 Be6 20. Bd6 Qf5 21. h3 h5 22. Qb3 b5 23. axb5 cxb5 24. Nxb5 Ne8 25. Be7 Qe5 26. Qa3 Qb2 27. Qxb2 Bxb2 28. Rb1 Be5 29. Nd4 Bd7 30. c5 Bxd4 31. exd4 Be6 32. f3 e3 33. Bd3 Nc7 34. Bd6 Nd5 35. c6 a4 36. Ra1 Rc8 37. Bb5 Nc3 38. Bxa4 Ra8 39. Ra3 Nxa4 40. Rxe3 Nb6 41. Rc3 Rc8 42. c7 Nd5 43. Rc5 f6 44. g4 Kf7 45. f4 hxg4 46. hxg4 f5 47. gxf5 gxf5 48. Be5 Ne7 49. Kf2 Ke8 50. Ra5 Kd7 51. Ra6 Nc6 52. Ke3 Bd5 53. Rb6 Nxe5 54. fxe5 Kxc7 55. Rf6 Be4 56. d5 Bxd5 57. Rxf5 Kd7 58. Rf6 Be6 59. Rh6 Rc4 60. Kd3 Ra4 61. Ke3 Ke7 62. Kd3 Bf5+ 63. Ke3 Re4+ 64. Kf3 Rxe5 65. Rb6 Be6 66. Kf4 Kf6 67. Ra6 Rb5 68. Ra4 Rg5 69. Rd4 Bd5 70. Rb4 Rf5+ 71. Ke3 Ke5 72. Rb2 Rf3+ 73. Kd2 Kd4 74. Rb4+ Bc4 75. Rb2 Rh3 76. Kc1 Bb3 77. Rd2+ Kc4 78. Rf2 Kb4 79. Kd2 Bc4 80. Rf4 Kc5 81. Rf5+ Bd5 82. Rf4 Ra3 83. Rh4 Rg3 84. Rf4 Bc4 85. Rh4 Rd3+ 86. Kc2 Kb4 87. Rf4 Re3 88. Rf2 Re4 89. Rh2 Kc5 90. Rf2 Rh4 91. Rg2 Bd5 92. Rd2 Kc4 93. Rf2 Be4+ 94. Kd2 Kd4 95. Re2 Rh3 96. Rf2 Bf3 97. Kc2 Ke3 98. Rd2 Be4+ 99. Kc3 Rh1 100. Rb2 Rc1+ 101. Kb4 Kd4 102. Rd2+ Bd3 103. Rb2 Rc6 104. Ka3 Bc4 105. Kb4 Rc8 106. Ka3 Kc5 107. Rb7 Ra8+ 108. Kb2 Kd4 109. Rd7+ Bd5 110. Rc7 Ra2+ 111. Kb1 Rh2 112. Rd7 Re2 113. Rd8 Kc4 114. Rb8 Kc3 115. Ka1 Re7 116. Rc8+ Bc4 117. Rb8 1/2-1/2

[Event "41st Nezhmetdinov Rapid 2019"]
[Site "Kazan"]
[Date "2019.05.29"]
[Round "4.9"]
[White "Iljiushenok, Ilia"]
[Black "Tsydypov, Zhamsaran"]
[Result "1/2-1/2"]
[ECO "A17"]
[WhiteElo "2534"]
[BlackElo "2546"]
[Annotator "RC"]
[PlyCount "74"]
[EventDate "2019.05.29"]
[EventType "swiss"]
[EventCountry "RUS"]
[SourceTitle "playchess.com"]
[Source "ChessBase"]
[SourceQuality "1"]
[TimeControl "900+10"]

1. c4 e6 2. Nc3 Nf6 3. Nf3 d5 4. cxd5 exd5 5. d4 c6 6. Qc2 g6 7. Bg5 Be7 8. e3 Bf5 9. Bd3 Bxd3 10. Qxd3 O-O 11. O-O Nbd7 12. Rab1 a5 13. h3 Re8 14. Bf4 Qb6 15. Rfc1 Qa6 16. Qc2 Bf8 17. Nd2 a4 18. Re1 Nb6 19. Be5 Nfd7 20. Bg3 Nc4 21. Nxc4 Qxc4 22. b3 axb3 23. axb3 Qb4 24. Ra1 Ra3 25. Rxa3 Qxa3 26. Rb1 Bb4 27. Na4 Nf6 28. Rb2 Bf8 29. Ra2 Qb4 30. Nc3 Qb6 31. Na4 Qd8 32. Be5 Nd7 33. Bf4 Qa5 34. Nc3 Qb6 35. Na4 Qb4 36. Nc3 Qb6 37. Na4 Qb4 1/2-1/2

[Event "41st Nezhmetdinov Rapid 2019"]
[Site "Kazan"]
[Date "2019.05.29"]
[Round "6.2"]
[White "Svetushkin, Dmitry"]
[Black "Tsydypov, Zhamsaran"]
[Result "1-0"]
[ECO "B51"]
[WhiteElo "2536"]
[BlackElo "2546"]
[Annotator "RC"]
[PlyCount "109"]
[EventDate "2019.05.29"]
[EventType "swiss"]
[EventCountry "RUS"]
[SourceTitle "playchess.com"]
[Source "ChessBase"]
[SourceQuality "1"]
[TimeControl "900+10"]

1. e4 c5 2. Nf3 d6 3. Bb5+ Nd7 4. c3 Ngf6 5. Bd3 a6 6. Bc2 b5 7. d4 Bb7 8. Nbd2 e6 9. O-O Be7 10. Re1 Qc7 11. e5 dxe5 12. dxe5 Nd5 13. a4 O-O 14. Ne4 Rfd8 15. Ng3 Nf8 16. Qe2 Bc6 17. h4 c4 18. Nh5 Ng6 19. Ng5 Rf8 20. Ng3 Bxg5 21. Bxg5 h6 22. Bd2 Nxh4 23. Qg4 Ng6 24. Nh5 Nde7 25. Nf6+ gxf6 26. exf6 Nf5 27. Rxe6 fxe6 28. Qxg6+ Kh8 29. Bxf5 exf5 30. Bxh6 Rf7 31. Bg7+ Kg8 32. Bh6+ Kh8 33. Bg7+ Kg8 34. Re1 Re8 35. Rxe8+ Bxe8 36. Qh5 Rxg7 37. Qxe8+ Kh7 38. Qh5+ Kg8 39. fxg7 Kxg7 40. axb5 axb5 41. Qg5+ Kh8 42. Qh6+ Kg8 43. Qg6+ Kh8 44. Qxf5 Qa5 45. Kh2 Qc7+ 46. g3 Qc6 47. Qf4 Kg8 48. g4 Qd5 49. g5 Qc5 50. Qf6 Qc7+ 51. Kg2 Qb7+ 52. f3 Qd5 53. g6 Qd2+ 54. Kh3 Qd7+ 55. Kg3 1-0

[Event "41st Nezhmetdinov Rapid 2019"]
[Site "Kazan"]
[Date "2019.05.29"]
[Round "6.3"]
[White "Moiseenko, Vadim"]
[Black "Nozdrachev, Vladislav"]
[Result "1/2-1/2"]
[ECO "A06"]
[WhiteElo "2525"]
[BlackElo "2489"]
[Annotator "RC"]
[PlyCount "89"]
[EventDate "2019.05.29"]
[EventType "swiss"]
[EventCountry "RUS"]
[SourceTitle "playchess.com"]
[Source "ChessBase"]
[SourceQuality "1"]
[TimeControl "900+10"]

1. Nf3 d5 2. b3 Nf6 3. Bb2 e6 4. g3 Be7 5. c4 O-O 6. Bg2 a5 7. a3 a4 8. b4 dxc4 9. Ne5 Nc6 10. Nxc4 Nd4 11. Nc3 Rb8 12. O-O b5 13. Na5 c5 14. Na2 cxb4 15. axb4 Rb6 16. Rc1 e5 17. e3 Bg4 18. f3 Be6 19. exd4 exd4 20. f4 Bxa2 21. Nc6 Rxc6 22. Bxc6 Bxb4 23. Bxb5 a3 24. Ba1 d3 25. Bc6 Bd5 26. Bxd5 Qxd5 27. Qf3 Ne4 28. Rfd1 Re8 29. Kg2 f6 30. h4 h5 31. Kh2 Rd8 32. Qg2 Bc5 33. Re1 f5 34. Be5 Bd4 35. Bxd4 Qxd4 36. Ra1 Rb8 37. Rxa3 Nxd2 38. Ra8 Rxa8 39. Qxa8+ Kh7 40. Re8 Qf2+ 41. Kh3 Qf1+ 42. Qg2 Qd1 43. Qa8 Qf1+ 44. Qg2 Qd1 45. Qa8 1/2-1/2

[Event "41st Nezhmetdinov Rapid 2019"]
[Site "Kazan"]
[Date "2019.05.30"]
[Round "9.5"]
[White "Romanov, Evgeny"]
[Black "Kokarev, Dmitry"]
[Result "0-1"]
[ECO "A36"]
[WhiteElo "2573"]
[BlackElo "2605"]
[Annotator "RC"]
[PlyCount "84"]
[EventDate "2019.05.29"]
[EventType "swiss"]
[EventCountry "RUS"]
[SourceTitle "playchess.com"]
[Source "ChessBase"]
[SourceQuality "1"]
[TimeControl "900+10"]

1. g3 g6 2. Bg2 c5 3. c4 Bg7 4. Nc3 Nc6 5. e4 e6 6. Nge2 Nge7 7. O-O O-O 8. d3 d6 9. a3 a5 10. h3 b6 11. g4 Bb7 12. g5 Qd7 13. h4 Nd4 14. Nxd4 cxd4 15. Nb5 d5 16. Bf4 e5 17. Bg3 dxc4 18. dxc4 Nc6 19. b3 Ba6 20. a4 Nd8 21. Kh2 Ne6 22. Bh3 Rad8 23. Bxe6 Qxe6 24. Nc7 Qc8 25. Nxa6 Qxa6 26. Qd3 f5 27. gxf6 Bxf6 28. f4 exf4 29. Rxf4 Qc8 30. e5 Bg7 31. Rxd4 Rxd4 32. Qxd4 Rd8 33. Qf4 Qe6 34. Re1 Bf8 35. Re2 Bc5 36. h5 Rd4 37. Qf3 Rd7 38. Qa8+ Kg7 39. Bf4 Bg1+ 40. Kxg1 Qg4+ 41. Qg2 Rd1+ 42. Kh2 Qxf4+ 0-1

[Event "41st Nezhmetdinov Rapid 2019"]
[Site "Kazan"]
[Date "2019.05.30"]
[Round "10.9"]
[White "Makhmutov, Rail"]
[Black "Nozdrachev, Vladislav"]
[Result "1-0"]
[ECO "E06"]
[WhiteElo "2390"]
[BlackElo "2489"]
[Annotator "ChessBase"]
[PlyCount "77"]
[EventDate "2019.05.29"]
[EventType "swiss"]
[EventCountry "RUS"]
[SourceTitle "playchess.com"]
[Source "ChessBase"]
[SourceQuality "1"]
[TimeControl "900+10"]

1. d4 Nf6 2. c4 e6 3. g3 d5 4. Nf3 Be7 5. Bg2 O-O 6. O-O dxc4 7. Ne5 Nc6 8. Bxc6 bxc6 9. Nxc6 Qe8 10. Nxe7+ Qxe7 11. Qa4 c5 12. Qa3 Bb7 13. Nc3 Rfc8 14. Bg5 h6 15. Bxf6 Qxf6 16. dxc5 Qf5 17. Rad1 Qxc5 18. Rd8+ Kh7 19. Qxc5 Rxc5 20. Rd7 Bc6 21. Rxf7 Be8 22. Re7 Rc6 23. Rd1 Rb6 24. Rd2 Rab8 25. f3 a5 26. Kf2 Kg8 27. h4 Kf8 28. Rc7 Rxb2 29. Rd4 Rc2 30. Rf4+ Kg8 31. Rfxc4 e5 32. Re4 Bf7 33. Rxe5 Bxa2 34. Rxa5 Bf7 35. Raa7 Rf8 36. g4 Rb2 37. Ne4 Rb6 38. Rd7 Rg6 39. h5 1-0

[Event "41st Nezhmetdinov Rapid 2019"]
[Site "Kazan"]
[Date "2019.05.30"]
[Round "10.10"]
[White "Frolyanov, Dmitry"]
[Black "Korovin, Mikhail"]
[Result "1/2-1/2"]
[ECO "C04"]
[WhiteElo "2538"]
[BlackElo "2311"]
[Annotator "RC"]
[PlyCount "103"]
[EventDate "2019.05.29"]
[EventType "swiss"]
[EventCountry "RUS"]
[SourceTitle "playchess.com"]
[Source "ChessBase"]
[SourceQuality "1"]
[TimeControl "900+10"]

1. e4 e6 2. d4 d5 3. Nd2 Nc6 4. Ngf3 Nf6 5. e5 Nd7 6. c3 f6 7. exf6 Qxf6 8. Be2 Bd6 9. Nf1 O-O 10. Ng3 e5 11. dxe5 Ndxe5 12. O-O Be6 13. Ng5 Bc5 14. Kh1 Rad8 15. f4 Nc4 16. Qd3 g6 17. Nxe6 Qxe6 18. f5 gxf5 19. Nxf5 Kh8 20. Bg5 Rde8 21. Bh5 N6e5 22. Qg3 Ng6 23. Bg4 Qe5 24. Qh3 Nd6 25. b4 Ne4 26. bxc5 Nxg5 27. Qh6 Ne4 28. Bh5 Nf2+ 29. Rxf2 Rxf5 30. Rxf5 Qxf5 31. h3 Kg8 32. Bg4 Qf4 33. Qxf4 Nxf4 34. Rb1 b6 35. cxb6 axb6 36. Rd1 Re3 37. Rd4 Nd3 38. Kh2 c6 39. c4 dxc4 40. Rxc4 Ne5 41. Be6+ Kg7 42. Rb4 b5 43. Bc8 Re2 44. a4 bxa4 45. Rxa4 Nf3+ 46. Kg3 Ne1 47. Rg4+ Kf6 48. Rf4+ Ke5 49. Rf5+ Kd6 50. Rf6+ Kc7 51. Bg4 Rxg2+ 52. Kh4 1/2-1/2

[Event "41st Nezhmetdinov Rapid 2019"]
[Site "Kazan"]
[Date "2019.05.30"]
[Round "11.9"]
[White "Potapov, Pavel"]
[Black "Pershin, Denis"]
[Result "1-0"]
[ECO "B12"]
[WhiteElo "2492"]
[BlackElo "2409"]
[Annotator "ChessBase"]
[PlyCount "64"]
[EventDate "2019.05.29"]
[EventType "swiss"]
[EventCountry "RUS"]
[SourceTitle "playchess.com"]
[Source "ChessBase"]
[SourceQuality "1"]
[TimeControl "900+10"]

1. e4 c6 2. d4 d5 3. e5 Bf5 4. h4 h5 5. Bd3 Bxd3 6. Qxd3 e6 7. Bg5 Qb6 8. Nd2 c5 9. c4 Qxb2 10. Rb1 Qxd4 11. Qe2 b6 12. Ngf3 Qg4 13. O-O Be7 14. cxd5 exd5 15. e6 Qxe6 16. Qd3 Nc6 17. Rfe1 Qd7 18. Ne5 Nxe5 19. Rxe5 O-O-O 20. Qa6+ Kb8 21. Rxb6+ axb6 22. Rxe7 Qxe7 23. Bxe7 Nxe7 24. Qxb6+ Kc8 25. Nb3 Rh6 26. Qxc5+ Nc6 27. Nd4 Kb7 28. Qb5+ Kc7 29. Qc5 Rd7 30. a4 Kb7 31. Nf5 Re6 32. a5 Re5 1-0